 Dungeon Crawl Stone Soup version 0.30-a0-824-g6c64550be9 (webtiles) character file.

Game seed: 10429705967970792288

385980 avis the Crack Shot (level 21, -7/184 HPs)
             Began as a Demigod Ice Elementalist on Feb 24, 2023.
             Killed from afar by an ironbound frostheart (15 damage)
             ... by creeping frost
             ... on level 4 of the Vaults on Feb 28, 2023.
             The game lasted 08:50:51 (63022 turns).

avis the Crack Shot (Demigod Ice Elementalist)     Turns: 63022, Time: 08:50:52

Health: -7/184     AC: 25    Str: 13    XL:     21   Next: 8%
Magic:  16/41      EV: 42    Int: 19    God:
Gold:   942        SH:  5    Dex: 44    Spells: 21/41 levels left

rFire   + . .      SeeInvis .    b - +9 great sword (heavy)
rCold   + . .      Faith    .    (shield currently unavailable)
rNeg    . . .      Spirit   .    o - +5 steam dragon scales
rPois   +          Reflect  +    G - +2 helmet "Kelottou" {Dex+2}
rElec   .          Harm     .    c - scarf {rC+ rF+}
rCorr   .          Rampage  .    P - +2 pair of gloves {Stlth+}
Will    ++...                    i - +1 pair of boots
Stlth   +++++++                  k - amulet of Poisa {Reflect Int+2 SH+5}
HPRegen 0.50/turn                d - ring "Damnable Contraption" {Fly Str+4}
MPRegen 0.27/turn                S - ring "Ymmef" {rPois EV+5}

@: ice-armoured, frozen, flying, studying Necromancy, very slow
A: high MP 1, forlorn, divine attributes
}: 2/15 runes: serpentine, barnacled
a: no special abilities


You were on level 4 of the Vaults.
You visited 9 branches of the dungeon, and saw 39 of its levels.
You visited 2 bazaars.
You also visited: Ossuary, Gauntlet and Ice Cave.

You collected 7606 gold pieces.
You spent 6664 gold pieces at shops.

Inventory:

Hand Weapons
 a - the +8 longbow "Zephyr" {speed, Dex+3 SInv}
   (You found it on level 2 of the Snake Pit)

   Dex:       It affects your dexterity (+3).
   SInv:      It lets you see invisible.
 b - a +9 heavy great sword (weapon)
 w - a +9 great sword of holy wrath
 z - a +3 great mace
 A - a +0 vampiric war axe
Missiles
 O - 6 throwing nets
Armour
 c - a scarf of resistance (worn)
 i - a +1 pair of boots (worn)
 o - +5 steam dragon scales (worn)
 G - the +2 helmet "Kelottou" (worn) {Dex+2}
   (You found it in a Gauntlet)

   Dex:       It affects your dexterity (+2).
 P - a +2 pair of gloves of stealth (worn)
Jewellery
 d - the ring "Damnable Contraption" (left hand) {Fly Str+4}
   (You found it in a Gauntlet)

   [ring of flight]

   Str:       It affects your strength (+4).
   Fly:       It grants you flight.
 k - the amulet of Poisa (around neck) {Reflect Int+2 SH+5}
   (You acquired it on level 13 of the Dungeon)

   [amulet of reflection]

   It reflects blocked missile attacks.
   Int:       It affects your intelligence (+2).
   SH:        It affects your SH (+5).
 S - the ring "Ymmef" (right hand) {rPois EV+5}
   (You bought it in a shop on level 2 of the Orcish Mines)

   [ring of evasion]

   EV:        It affects your evasion (+5).
   rPois:     It protects you from poison.
Wands
 g - a wand of acid (13)
 n - a wand of polymorph (23)
 s - a wand of mindburst (26)
 H - a wand of flame (65)
 R - a wand of charming (37)
 V - a wand of roots (36)
Scrolls
 h - 11 scrolls of poison
 j - 21 scrolls of teleportation
 m - 5 scrolls of magic mapping
 p - 10 scrolls of blinking
 r - 6 scrolls of fear
 J - 2 scrolls of summoning
 N - 6 scrolls of fog
 U - 3 scrolls of silence
Potions
 e - 10 potions of haste
 f - 18 potions of curing
 l - 5 potions of magic
 q - 2 potions of ambrosia
 t - 2 potions of flight
 u - a potion of lignification
 v - 12 potions of brilliance
 x - 14 potions of might
 C - 4 potions of berserk rage
 D - 5 potions of invisibility
 E - 2 potions of cancellation
 L - 2 potions of heal wounds
 Q - 3 potions of resistance
Miscellaneous
 y - a lightning rod (4/4)
 Z - a condenser vane


   Skills:
 - Level 15.0 Fighting
 - Level 14.0 Long Blades
 - Level 21.0 Ranged Weapons
 - Level 15.0 Dodging
 - Level 8.0 Stealth
 * Level 10.6 Spellcasting
 - Level 16.0 Translocations
 - Level 4.0 Transmutations
 - Level 6.0 Ice Magic
 - Level 4.0 Air Magic


You had 21 spell levels left.
You knew the following spells:

 Your Spells              Type           Power      Damage    Failure   Level
a - Freeze                Ice            100%       1d10      1%          1
b - Blink                 Tloc           100%       N/A       0%          2
c - Passwall              Tmut/Erth      14%        N/A       4%          2
e - Wereblood             Tmut           25%        N/A       1%          2
f - Swiftness             Air            25%        N/A       4%          3
m - Manifold Assault      Tloc           63%        N/A       1%          4
o - Ozocubu's Armour      Ice            32%        N/A       1%          3
r - Frozen Ramparts       Ice            64%        1d10      1%          3

Your spell library contained the following spells:

 Spells                   Type           Power      Damage    Failure   Level
 Apportation              Tloc           100%       N/A       0%          1
 Beastly Appendage        Tmut           50%        N/A       1%          1
 Gell's Gravitas          Tloc           63%        N/A       1%          3
 Kindle Blastsparks       Fire/Tloc/Air  70%        2d15      1%          3
 Portal Projectile        Hex/Tloc       80%        N/A       1%          3
 Teleport Other           Tloc           63%        N/A       1%          3
 Vhi's Electric Charge    Tloc/Air       96%        N/A       1%          3
 Dispersal                Tloc           31%        N/A       1%          6
 Iskenderun's Mystic Bla  Conj/Tloc      40%        2d9       2%          4
 Ensorcelled Hibernation  Hex/Ice        42%        N/A       3%          2
 Poisonous Vapours        Pois/Air       34%        N/A       4%          2
 Cigotuvi's Dreadful Rot  Necr/Pois/Air  30%        N/A       6%          2
 Hailstorm                Conj/Ice       21%        3d6       6%          3
 Kiss of Death            Conj/Necr      40%        2d8       7%          1
 Magic Dart               Conj           40%        1d5       7%          1
 Necrotise                Necr           40%        1d6       7%          1
 Sandblast                Erth           20%        2d7       7%          1
 Summon Small Mammal      Summ           40%        N/A       7%          1
 Summon Forest            Summ/Tloc      20%        N/A       8%          5
 Ice Form                 Ice/Tmut       29%        N/A       9%          4
 Spider Form              Tmut/Pois      17%        N/A       10%         3
 Call Imp                 Summ           10%        N/A       11%         2
 Scorch                   Fire           20%        2d6       11%         2
 Ignite Poison            Fire/Tmut/Pois 15%        N/A       12%         3
 Mephitic Cloud           Conj/Pois/Air  15%        N/A       12%         3
 Airstrike                Air            12%        2d(2-18)  14%         4
 Summon Ice Beast         Ice/Summ       21%        N/A       21%         4
 Confusing Touch          Hex            10%        N/A       22%         3
 Stone Arrow              Conj/Erth      20%        3d8       22%         3
 Tukima's Dance           Hex            10%        N/A       22%         3
 Summon Lightning Spire   Summ/Air       17%        N/A       30%         4
 Blade Hands              Tmut           12%        N/A       36%         5
 Metabolic Englaciation   Hex/Ice        10%        N/A       50%         5
 Anguish                  Hex/Necr       5%         N/A       56%         4
 Animate Armour           Summ/Erth      20%        N/A       56%         4
 Animate Dead             Necr           10%        N/A       56%         4
 Cause Fear               Hex            5%         N/A       56%         4
 Dispel Undead            Necr           10%        3d9       56%         4
 Flame Wave               Conj/Fire      10%        2d6       56%         4
 Fulminant Prism          Conj/Hex       5%         3d7       56%         4
 Leda's Liquefaction      Hex/Erth       5%         N/A       56%         4
 Olgreb's Toxic Radiance  Pois           10%        N/A       56%         4
 Sticky Flame             Conj/Fire      10%        2d3       56%         4
 Alistair's Intoxication  Tmut/Pois      11%        N/A       65%         5
 Lightning Bolt           Conj/Air       8%         1d21      65%         5
 Yara's Violent Unravell  Hex/Tmut       8%         3d5       65%         5
 Borgnjor's Vile Clutch   Necr/Erth      5%         N/A       89%         5
 Lee's Rapid Deconstruct  Erth           5%         3d6*      89%         5
 Simulacrum               Ice/Necr       10%        N/A       97%         6
 Eringya's Noxious Bog    Tmut/Pois      8%         N/A       99%         6
 Statue Form              Tmut/Erth      11%        N/A       99%         6
 Ozocubu's Refrigeration  Ice            16%        4d11      99%         7
 Death Channel            Necr           5%         N/A       100%        6
 Iron Shot                Conj/Erth      5%         9d2       100%        6
 Summon Cactus Giant      Summ           5%         N/A       100%        6
 Dragon Form              Tmut           12%        N/A       100%        7
 Enfeeble                 Hex            5%         N/A       100%        7
 Haunt                    Necr/Summ      5%         N/A       100%        7
 Storm Form               Tmut/Air       12%        N/A       100%        7
 Borgnjor's Revivificati  Necr           5%         N/A       100%        8
 Ignition                 Fire           5%         3d4       100%        8
 Infestation              Necr           5%         N/A       100%        8
 Necromutation            Tmut/Necr      8%         N/A       100%        8
 Death's Door             Necr           5%         N/A       100%        9
 Polar Vortex             Ice            16%        N/A       100%        9


Dungeon Overview and Level Annotations

Branches:
Dungeon (15/15)            Temple (1/1) D:7            Lair (5/5) D:10
 Shoals (4/4) Lair:3        Snake (4/4) Lair:3        Slime (0/5) Lair:5
    Orc (2/2) D:12            Elf (0/3) Orc:2        Vaults (4/5) D:13
  Crypt (3/3) Vaults:2       Tomb (0/3) Crypt:3      Depths (1/4) D:15
Ossuary (visited)           IceCv (visited)         Gauntlet (visited)

Shops:
D:9 !   D:12 :   Orc:1 [   Orc:2 *?[=   Shoals:2 (   Snake:1 :(*![   Snake:3 [
Vaults:1 (   Vaults:3 :

Portals:
Abyss: Lair:5


Innate Abilities, Weirdness & Mutations

You have an increased reservoir of magic. (+10% MP)
You shall have no god before yourself.
Your divine heritage dramatically boosts your attributes as you level up.


Message History

The deep elf high priest mumbles some strange prayers to its god against you.
Something smites you!
* * * LOW HITPOINT WARNING * * *
You hear a shout!
You barely miss the deep troll.
Two slime creatures merge to form a very large slime creature.
The deep elf high priest utters an invocation to its god.
The deep elf high priest begins emitting a brilliant aura!
The vault sentinel is empowered by the deep elf high priest's aura! x2
You block the deep troll's attack.
The deep troll claws you but does no damage.
The deep troll completely misses you. x2; The deep troll misses you.
You block the deep troll's attack.
You slash the deep troll!
The deep troll is lightly wounded.
The ice encasing you melts away. The deep troll completely misses you.
The deep troll misses you. The deep troll completely misses you.
The ironbound frostheart calls freezing cold from the walls.
The frost grips you. You resist.
* * * LOW HITPOINT WARNING * * *
You are encased in ice.
You cut the deep troll into ribbons!!!!
You kill the deep troll!
The great orb of eyes pulsates ominously.
The ironbound frostheart calls freezing cold from the walls.
The frost grips you. You resist.
* * * LOW HITPOINT WARNING * * *
The ironbound frostheart calls freezing cold from the walls.
The frost grips you! You resist.
* * * LOW HITPOINT WARNING * * *
A slime creature comes into view.
The deep troll barely misses you. The deep troll misses you.
The deep troll barely misses you.
The ironbound frostheart calls freezing cold from the walls.
The frost grips you! You resist.
* * * LOW HITPOINT WARNING * * *
The ironbound frostheart calls freezing cold from the walls.
The frost grips you! You resist.
You die...

#.J......# #J.......# #
#ep....).# # #Jpp.....#
# #pcp.....# #
#)######+# #G# # #T# #
#@# #.# +.# ### #.#
#.###++#+ #######.#
#..#.....
........########..#.....
..................#.....
..................#...<.
..................#.....


You could see a vault guard, a great orb of eyes, a very large slime creature, a
slime creature, 2 ironbound frosthearts, a deep troll, a deep elf high priest
(brilliance aura) and a yaktaur.

Vanquished Creatures
  Mara (Shoals:3)
  Bai Suzhen (Crypt:2)
  Xtahua (Crypt:1)
  Jory (Crypt:1)
  2 bone dragons (Crypt:3)
  A shard shrike zombie (Crypt:3)
  The ghost of domi the Brawler, an adept TrFi of Jiyva (Shoals:3)
  A lich (IceCv)
  2 tentacled monstrosities
  7 ancient champions
  3 sphinxes (Shoals:4)
  Agnes (D:14)
  Roxanne (D:15)
  A tengu reaver (D:13)
  Kirke (Shoals:2)
  4 revenants
  13 vault wardens
  A fire giant (Vaults:2)
  18 nagarajas
  3 curse skulls
  2 orc warlords
  A caustic shrike zombie (Crypt:3)
  Louise (Shoals:1)
  A war gargoyle (Vaults:3)
  10 ironbound preservers
  Aizul (Shoals:2)
  6 ghouls
  The ghost of Cicylist the Cleaver, a journeyman FoFi of Okawaru (D:14)
  6 vampire knights
  3 stone giants
  7 ironbound thunderhulks
  Nessos (D:13)
  6 very ugly things (D:13)
  2 minotaurs
  20 dire elephants
  4 deep elf death magi
  An acid blob zombie (Crypt:2)
  6 merfolk impalers
  2 eidola
  A fire dragon (Lair:5)
  17 jiangshi
  4 merfolk javelineers
  2 ettins
  2 mummy priests (Crypt:3)
  7 yaktaur captains
  2 spriggan zombies
  An entropy weaver (Vaults:3)
  The ghost of mitch45678 the Basher, a journeyman AtAr of Okawaru (D:10)
  9 great orbs of eyes
  5 hydras
  2 catoblepae
  8 vault guards
  3 caustic shrike simulacra
  A spriggan air mage (Depths:1)
  A peacekeeper (Vaults:3)
  11 two-headed ogres
  2 ogre magi
  7 merfolk aquamancers
  3 boulder beetles
  4 ironbound frosthearts
  Erica (Orc:1)
  2 alligator snapping turtles (Shoals:2)
  12 anacondas
  2 dancing weapons
  A death knight (D:11)
  A spriggan skeleton (Crypt:2)
  8 centaur warriors
  7 vampire magi
  2 merfolk avatars
  22 naga warriors
  3 thrashing horrors (Lair:5)
  13 satyrs
  11 shock serpents
  2 tengu warriors
  3 orc high priests (Orc:2)
  5 death yaks
  A spriggan berserker (D:15)
  A soul eater (Crypt:1)
  4 skysharks
  Sonja (D:10)
  A fire crab (shapeshifter) (Lair:5)
  A hell knight (D:13)
  19 naga sharpshooters
  A sixfirhy (Gauntlet)
  2 salamander mystics
  21 skeletal warriors
  2 shadow wraiths
  Amaemon (D:8)
  3 glowing orange brains
  An anaconda zombie (Crypt:3)
  6 naga ritualists
  3 flayed ghosts
  21 slime creatures
  6 wizards
  20 deep trolls
  6 sea snakes
  5 bog bodies
  10 deep elf pyromancers
  11 necromancers
  8 phantasmal warriors
  10 harpies
  13 ironbound convokers
  2 obsidian statues
  8 orc knights
  A wolf spider zombie (D:15)
  4 cyclopes
  10 mana vipers
  A jorogumo zombie (Crypt:1)
  26 fauns
  6 deep elf zephyrmancers
  9 orc sorcerers
  4 lindwurms
  21 ugly things
  2 stone giant zombies
  12 manticores
  13 elephants (Lair:4)
  33 black mambas
  11 salamanders
  11 merfolk sirens
  An ice statue (Lair:2)
  A guardian serpent (shapeshifter) (Lair:5)
  A frost giant skeleton (Vaults:1)
  An elf zombie (Vaults:3)
  6 guardian serpents
  6 vault sentinels
  Joseph (D:8)
  3 dire elephant zombies (Crypt:3)
  4 water nymphs
  19 naga magi
  2 torpor snails (Lair:1)
  An orange demon (D:8)
  8 cane toads
  An unseen horror (D:13)
  3 centaur skeletons
  A shock serpent skeleton (Crypt:2)
  Maggie (D:6)
  2 gargoyles
  Psyche (D:8)
  An alligator snapping turtle zombie (Crypt:3)
  A human zombie (Vaults:3)
  A dire elephant skeleton (Crypt:3)
  2 kobold demonologists
  An alligator snapping turtle skeleton (Crypt:3)
  7 komodo dragons
  31 yaktaurs
  4 anaconda simulacra (IceCv)
  20 freezing wraiths
  11 rime drakes
  2 naga skeletons (Crypt:3)
  A sea snake zombie (Crypt:2)
  An efreet (D:13)
  An unseen horror zombie (Crypt:1)
  2 ice devils (IceCv)
  2 guardian mummies (Crypt:3)
  A tengu conjurer (D:14)
  2 ancient zymes (Lair:5)
  A minotaur skeleton (Crypt:2)
  2 golden dragon simulacra (IceCv)
  A redback zombie (Crypt:3)
  A troll (shapeshifter) (D:15)
  A white draconian skeleton (Crypt:2)
  A hornet (D:13)
  A pale draconian skeleton (Crypt:3)
  8 polar bears
  39 merfolk
  A yellow draconian skeleton (Crypt:2)
  6 trolls
  3 meliai (D:15)
  A black draconian skeleton (Crypt:1)
  3 wind drakes
  Prince Ribbit (D:9)
  3 harpy zombies (Crypt:1)
  A human skeleton (Vaults:1)
  A raiju (shapeshifter) (D:15)
  2 harpy skeletons
  24 blink frogs
  A death drake skeleton (Crypt:2)
  An iron dragon simulacrum (Crypt:3)
  A culicivora zombie (Crypt:1)
  10 snapping turtles
  15 dream sheep
  A meliai zombie (D:15)
  5 ettin zombies
  A merfolk zombie (Crypt:3)
  A black mamba zombie (Crypt:2)
  2 wyverns
  17 water elementals
  A centaur simulacrum (D:14)
  5 wraiths
  52 yaks
  A vampire (D:11)
  10 humans (D:13)
  3 ushabtiu (Crypt:3)
  An alligator skeleton (Crypt:3)
  A spriggan (Lair:5)
  3 shadows
  6 hogs (Shoals:2)
  A ynoxinul (Lair:5)
  A dire elephant simulacrum (IceCv)
  A black mamba skeleton (Crypt:2)
  Grum (D:8)
  5 basilisks
  13 vampire mosquitoes
  A redback (Vaults:3)
  6 steam dragons
  4 chaos spawn
  A neqoxec (Gauntlet)
  2 minotaur simulacra (IceCv)
  5 harpy simulacra (IceCv)
  2 large abominations (Lair:5)
  2 hydra simulacra (IceCv)
  47 nagas
  16 water moccasins
  A faun zombie (Crypt:1)
  5 black bears
  A two-headed ogre skeleton (Crypt:1)
  A fire bat skeleton (Crypt:1)
  26 orc warriors
  2 ettin simulacra (IceCv)
  A black bear (shapeshifter) (Lair:5)
  A glowing shapeshifter skeleton (Vaults:3)
  2 sky beasts
  A water nymph skeleton (Crypt:2)
  A hornet zombie (Ossuary)
  A cane toad skeleton (Crypt:3)
  A swamp dragon zombie (Crypt:3)
  5 ice beasts
  12 small abominations (Lair:5)
  15 ogres
  2 alligator simulacra (IceCv)
  12 centaurs
  14 wolves
  A swamp dragon skeleton (Crypt:1)
  3 kobold brigands
  9 bullfrogs
  2 deep troll simulacra (IceCv)
  4 necrophages
  A two-headed ogre simulacrum (Crypt:1)
  A wyvern zombie (Ossuary)
  2 gnoll sergeants (D:10)
  A water moccasin zombie (Ossuary)
  5 scorpions
  4 wights (D:8)
  A raiju zombie (Crypt:3)
  A water moccasin skeleton (Crypt:1)
  A queen bee zombie (Crypt:2)
  5 killer bees (D:6)
  4 lindwurm simulacra (IceCv)
  5 howler monkeys
  6 electric eels
  9 bullfrog zombies (Ossuary)
  5 centaur zombies
  2 jellies
  A hound (D:6)
  2 gnoll boudas (D:6)
  29 orc priests
  25 mummies
  3 iguanas
  42 orc wizards
  A killer bee zombie (Ossuary)
  An acid dragon skeleton (Crypt:1)
  A boggart simulacrum (D:13)
  Robin (D:2)
  24 gnolls
  8 adders
  2 white imps
  4 ufetubi
  An iguana zombie (Crypt:2)
  An adder zombie (Crypt:1)
  5 worms
  6 dart slugs
  71 orcs
  10 ball pythons
  4 endoplasms
  A giant cockroach (D:2)
  16 goblins
  6 hobgoblins (D:2)
  3 jackals (D:1)
  25 kobolds
  3 quokkas
  11 bats
  6 rats
  A spectral orc (D:8)
  A plant (Shoals:2)
1677 creatures vanquished.

Vanquished Creatures (others)
  2 orc wizards
  A bush (Lair:5)
  14 fungi
  72 plants
  5 withered plants (Ossuary)
94 creatures vanquished.

Grand Total: 1771 creatures vanquished

Notes
Turn   | Place    | Note
-------+----------+-------------------------------------------
     0 | D:1      | avis the Demigod Ice Elementalist began the quest for the
                  | Orb.
     0 | D:1      | Reached XP level 1. HP: 14/14 MP: 5/5
   242 | D:1      | Reached XP level 2. HP: 18/20 MP: 0/7
   887 | D:2      | Reached XP level 3. HP: 24/26 MP: 9/9
   891 | D:2      | Learned a level 3 spell: Frozen Ramparts
   895 | D:2      | Learned a level 3 spell: Ozocubu's Armour
  1119 | D:2      | Noticed Robin
  1133 | D:2      | Killed Robin
  1138 | D:2      | Reached XP level 4. HP: 15/33 MP: 1/10
  1438 | D:2      | Reached skill level 5 in Ice Magic
  2476 | D:3      | Reached XP level 5. HP: 34/38 MP: 12/12
  2536 | D:3      | Noticed a centaur
  2543 | D:3      | Killed a centaur
  2712 | D:3      | Reached skill level 1 in Fighting
  3472 | D:4      | Reached skill level 1 in Ranged Weapons
  3472 | D:4      | Reached XP level 6. HP: 43/47 MP: 13/13
  3676 | D:4      | Reached skill level 2 in Ranged Weapons
  3849 | D:4      | Reached skill level 3 in Ranged Weapons
  3922 | D:4      | Identified the +3 leather armour of Decompression {rElec
                  | rF+ Int+3}
  4523 | D:5      | Entered Level 5 of the Dungeon
  4535 | D:5      | Reached skill level 4 in Ranged Weapons
  4603 | D:5      | Reached XP level 7. HP: 55/55 MP: 14/14
  4858 | D:5      | Found a transporter.
  4874 | D:5      | Found a transporter.
  5924 | D:6      | Reached skill level 5 in Ranged Weapons
  6142 | D:6      | Reached XP level 8. HP: 63/63 MP: 15/15
  6237 | D:6      | Reached skill level 6 in Ranged Weapons
  6778 | D:6      | Reached skill level 5 in Dodging
  7127 | D:7      | Noticed Maggie
  7213 | D:6      | Killed Maggie
  7214 | D:6      | Reached skill level 7 in Ranged Weapons
  7284 | D:6      | Reached XP level 9. HP: 34/69 MP: 16/16
  7553 | D:6      | Reached skill level 8 in Ranged Weapons
  7755 | D:7      | Found a staircase to the Ecumenical Temple.
  8251 | Temple   | Entered the Ecumenical Temple
  8609 | D:8      | Noticed a two-headed ogre
  8624 | D:8      | Killed a two-headed ogre
  8631 | D:8      | Found a sand-covered staircase.
  8640 | Ossuary  | Entered an ossuary
  8832 | Ossuary  | Reached XP level 10. HP: 78/78 MP: 17/17
  8869 | Ossuary  | Reached skill level 9 in Ranged Weapons
  9109 | D:8      | Noticed Psyche
  9116 | D:8      | Noticed Joseph
  9117 | D:8      | Killed Psyche
  9134 | D:8      | Killed Joseph
  9186 | D:8      | Reached skill level 10 in Ranged Weapons
  9351 | D:8      | Found a transporter.
  9380 | D:8      | Learned a level 2 spell: Wereblood
  9481 | D:8      | Noticed Amaemon
  9493 | D:8      | Killed Amaemon
  9494 | D:8      | Reached skill level 5 in Fighting
  9717 | D:8      | Noticed Grum
  9820 | D:8      | Killed Grum
 10145 | D:9      | Learned a level 2 spell: Passwall
 10149 | D:9      | Learned a level 3 spell: Swiftness
 10214 | D:9      | Noticed Prince Ribbit
 10234 | D:9      | Killed Prince Ribbit
 10235 | D:9      | Found Bosoen's Distillery.
 10294 | D:9      | Bought a potion of degeneration for 15 gold pieces
 10294 | D:9      | Bought a potion of heal wounds for 75 gold pieces
 10294 | D:9      | Bought a potion of haste for 150 gold pieces
 10294 | D:9      | Bought a potion of attraction for 45 gold pieces
 11259 | D:9      | Bought a potion of curing for 45 gold pieces
 11259 | D:9      | Bought a potion of curing for 45 gold pieces
 11259 | D:9      | Bought a potion of curing for 45 gold pieces
 11259 | D:9      | Bought a potion of curing for 45 gold pieces
 11277 | D:10     | Entered Level 10 of the Dungeon
 11299 | D:10     | Reached skill level 10 in Dodging
 11299 | D:10     | Reached XP level 11. HP: 84/89 MP: 19/19
 11399 | D:10     | Noticed a two-headed ogre
 11408 | D:10     | Killed a two-headed ogre
 11411 | D:10     | Reached skill level 1 in Transmutations
 11526 | D:10     | Noticed Sonja
 11550 | D:10     | Killed Sonja
 11720 | D:10     | Found a staircase to the Lair.
 11732 | D:10     | Found a runed translucent gate.
 11732 | D:10     | Found a runed translucent gate.
 11732 | D:10     | Found a runed translucent gate.
 11734 | D:10     | Noticed a tengu warrior
 11736 | D:10     | Noticed a deep elf pyromancer
 11737 | D:10     | Noticed mitch45678's ghost (journeyman AtAr)
 11737 | D:10     | Noticed a centaur warrior
 11841 | D:10     | Noticed a two-headed ogre
 11850 | D:10     | Killed a two-headed ogre
 12320 | Lair:1   | Entered Level 1 of the Lair of Beasts
 12574 | Lair:1   | Noticed a death yak
 12583 | Lair:1   | Killed a death yak
 12715 | Lair:1   | Identified the +1 dagger of the Feeding Fox {drain, Dex+3}
 13044 | Lair:1   | Reached skill level 11 in Ranged Weapons
 13729 | Lair:2   | Noticed a boulder beetle
 13777 | Lair:1   | Killed a boulder beetle
 13778 | Lair:1   | Reached XP level 12. HP: 37/101 MP: 20/20
 13923 | Lair:1   | Reached skill level 12 in Ranged Weapons
 14530 | Lair:2   | Found the +11 plutonium sword {Contam Stlth-}
 15228 | Lair:1   | Upgraded the game from 0.30-a0-802-gb92711bcdf to
                  | 0.30-a0-808-g6e0788376e
 15277 | Lair:2   | HP: 4/101 [skyshark (3)]
 15702 | Lair:3   | Found a staircase to the Shoals.
 15879 | Lair:3   | Found a staircase to the Snake Pit.
 16311 | Lair:4   | Noticed a seven-headed hydra
 16324 | Lair:4   | Killed a seven-headed hydra
 16810 | Lair:4   | Reached XP level 13. HP: 113/113 MP: 21/21
 16813 | Lair:4   | Reached skill level 10 in Fighting
 16932 | Lair:4   | You fall into a shaft and drop 1 floor!
 16932 | Lair:5   | Entered Level 5 of the Lair of Beasts
 17064 | Lair:4   | Reached skill level 13 in Ranged Weapons
 17925 | Lair:5   | Reached skill level 14 in Ranged Weapons
 18151 | Lair:5   | Found a staircase to the Slime Pits.
 18235 | Lair:5   | Identified the +0 buckler "Ones" {rN+ Int+3}
 18543 | Lair:5   | Identified a scroll of acquirement
 18569 | Lair:4   | Acquired 536 gold pieces
 18613 | Lair:5   | Identified the +6 scale mail of the Bulwark {rPois Int+3
                  | Slay+3}
 19240 | Lair:5   | Got the Secrets of Rotting Outbursts
 19608 | Lair:5   | Reached XP level 14. HP: 92/121 MP: 22/22
 19833 | Lair:5   | Reached skill level 5 in Stealth
 20244 | Lair:5   | Found a one-way gate to the infinite horrors of the Abyss.
 20467 | Lair:1   | Acquired the +6 triple crossbow of the Dungeon {drain,
                  | Contam Drain Will+++ Dex+3}
 20469 | Lair:1   | Acquired 869 gold pieces
 21929 | D:11     | Reached skill level 15 in Ranged Weapons
 22033 | D:12     | Identified the +1 robe of the Constellations {Dex+3}
 22040 | D:12     | Found Uviugar's Book Shop.
 22176 | D:12     | Found a staircase to the Orcish Mines.
 22692 | Orc:1    | Entered Level 1 of the Orcish Mines
 22776 | Orc:1    | Found Vunay's Antique Armour Shop.
 22876 | Orc:1    | Noticed Erica
 22880 | Orc:1    | Killed Erica
 23123 | Orc:2    | Entered Level 2 of the Orcish Mines
 23392 | Orc:2    | Found a gate leading to a gauntlet.
 23402 | Gauntlet | Entered a Gauntlet
 23402 | Gauntlet | Found a runed translucent door.
 23402 | Gauntlet | Found a transporter.
 23402 | Gauntlet | Found a transporter.
 23402 | Gauntlet | Found a runed translucent door.
 23426 | Gauntlet | Found a transporter.
 23428 | Gauntlet | Found a transporter.
 23436 | Gauntlet | Found a transporter.
 23439 | Gauntlet | Found a transporter.
 23451 | Gauntlet | Found a transporter.
 23468 | Gauntlet | Found a transporter.
 23471 | Gauntlet | Found a transporter.
 23474 | Gauntlet | Found a transporter.
 23490 | Gauntlet | Found a transporter.
 23491 | Gauntlet | Found a transporter.
 23622 | Gauntlet | Identified the +2 helmet "Kelottou" {Dex+2}
 23647 | Gauntlet | Reached skill level 16 in Ranged Weapons
 23675 | Gauntlet | Identified the ring "Damnable Contraption" {Fly Str+4}
 23709 | Gauntlet | Got Jeyj's Incunable of the Metallic Shift
 23951 | Orc:2    | Found a staircase to the Elven Halls.
 24068 | Orc:2    | Reached XP level 15. HP: 69/125 MP: 14/23
 24161 | Orc:2    | Found Kuczum's Armour Shop.
 24161 | Orc:2    | Found Meweguoh's General Store.
 24162 | Orc:2    | Found Deugynk's Magic Scroll Boutique.
 24165 | Orc:2    | Found Wucesm's Jewellery Shop.
 24168 | Orc:2    | Bought a +2 pair of gloves for 181 gold pieces
 24183 | Orc:2    | Bought a scroll of acquirement for 728 gold pieces
 24429 | Orc:2    | Bought a scroll of brand weapon for 133 gold pieces
 24429 | Orc:2    | Bought a scroll of torment for 133 gold pieces
 24429 | Orc:2    | Bought a scroll of identify for 28 gold pieces
 24429 | Orc:2    | Bought a scroll of enchant weapon for 105 gold pieces
 24431 | Orc:2    | Acquired 1037 gold pieces
 24895 | Orc:2    | Bought the ring "Ymmef" {rPois EV+5} for 613 gold pieces
 25071 | Snake:1  | Entered Level 1 of the Snake Pit
 25085 | Snake:1  | Identified the ring "Junoboga" {rF+ rC++ Str+8}
 25134 | Snake:1  | Reached skill level 17 in Ranged Weapons
 25206 | Snake:1  | Found Carphuma's Book Emporium.
 25221 | Snake:1  | Found a frozen archway.
 25229 | IceCv    | Entered an ice cave
 25679 | IceCv    | Reached skill level 18 in Ranged Weapons
 25967 | IceCv    | Noticed a lich
 25970 | IceCv    | Killed a lich
 26330 | Snake:1  | Found Coywan's Distillery.
 26330 | Snake:1  | Found Kaohenog's General Store.
 26331 | Snake:1  | Found Hojutogg's Antique Weapon Boutique.
 26333 | Snake:1  | Found Laoshew's Antique Armour Shop.
 26340 | Snake:1  | Bought a potion of resistance for 180 gold pieces
 26346 | Snake:1  | Bought a scroll of identify for 28 gold pieces
 27024 | Snake:1  | Bought a potion of curing for 54 gold pieces
 27024 | Snake:1  | Bought a potion of haste for 180 gold pieces
 27130 | Shoals:1 | Entered Level 1 of the Shoals
 27132 | Shoals:1 | Noticed Louise
 27145 | Shoals:1 | Killed Louise
 27146 | Shoals:1 | Reached skill level 19 in Ranged Weapons
 27247 | Shoals:1 | Found a runed translucent door.
 27594 | Shoals:1 | HP: 2/126 [merfolk impaler/+0 trident (19)]
 27611 | Shoals:1 | Identified the ring "Wieck" {Ice Will+ Str-5 Int+2 Slay+2}
 27707 | Shoals:1 | Acquired a +0 triple crossbow of flaming
 27930 | Shoals:1 | Reached XP level 16. HP: 134/134 MP: 24/24
 28456 | Snake:2  | Reached skill level 20 in Ranged Weapons
 29241 | Snake:2  | Found the +8 longbow "Zephyr" {speed, Dex+3 SInv}
 29814 | D:13     | Reached skill level 21 in Ranged Weapons
 30109 | D:13     | Identified the +2 leather armour "Sukhlargh" {rElec rC+}
 30552 | D:13     | Found a gate to the Vaults.
 30672 | D:13     | Noticed Nessos
 30680 | D:13     | Killed Nessos
 31092 | D:13     | Acquired the amulet of Poisa {Reflect Int+2 SH+5}
 31482 | Shoals:2 | Noticed Kirke
 31505 | Shoals:2 | Killed Kirke
 31520 | Shoals:2 | Reached skill level 15 in Dodging
 31609 | Shoals:2 | Noticed Aizul
 31644 | Shoals:2 | You are sucked into a shaft and drop 1 floor!
 31835 | Shoals:2 | Killed Aizul
 32336 | Shoals:2 | Found Kapraxil's Antique Weapon Shop.
 32461 | Shoals:2 | Identified the +6 scale mail of Sunlight {rF- rC- Int+5
                  | Dex+8}
 32868 | Shoals:3 | Found a runed translucent door.
 32881 | Shoals:3 | Noticed domi's ghost (adept TrFi)
 33097 | Shoals:3 | Noticed Mara
 33108 | Shoals:3 | Noticed avis's illusion
 33146 | Shoals:3 | Noticed avis's illusion
 33148 | Shoals:3 | Killed Mara
 33149 | Shoals:3 | Reached XP level 17. HP: 127/146 MP: 25/25
 34088 | Shoals:4 | Entered Level 4 of the Shoals
 34800 | Shoals:4 | Got a barnacled rune of Zot
 35008 | Shoals:4 | Identified the +6 war axe of Defiance {protect, Drain rC+
                  | Int+3}
 37197 | Snake:3  | Reached skill level 15 in Fighting
 37198 | Snake:3  | Reached skill level 1 in Long Blades
 37198 | Snake:3  | Found Foyce's Antique Armour Boutique.
 37260 | Snake:3  | Identified the +1 scale mail "Foshikleajo" {rN+}
 37561 | Snake:3  | Bought a glowing helmet for 210 gold pieces
 37786 | Snake:4  | Entered Level 4 of the Snake Pit
 37996 | Snake:4  | Reached skill level 5 in Long Blades
 38806 | Snake:4  | Reached XP level 18. HP: 158/163 MP: 23/26
 39644 | Snake:4  | Reached skill level 10 in Long Blades
 40418 | Snake:4  | Got a serpentine rune of Zot
 41019 | D:10     | Killed mitch45678's ghost
 41344 | Shoals:3 | Killed domi's ghost
 41544 | D:12     | Bought an Inescapable Atlas for 480 gold pieces
 41547 | D:12     | Learned a level 2 spell: Blink
 41552 | D:12     | Learned a level 4 spell: Manifold Assault
 41602 | Orc:2    | Bought a +6 long sword of holy wrath for 536 gold pieces
 41719 | D:14     | Found a flickering gateway to a bazaar.
 41731 | Bazaar   | Entered a bazaar
 41749 | Bazaar   | Found Tois's Assorted Antiques.
 41749 | Bazaar   | Found Kofiyket's Assorted Antiques.
 41770 | Bazaar   | Found Exiuwk's Book Emporium.
 41843 | Bazaar   | Bought a scroll of enchant weapon for 180 gold pieces
 41849 | Bazaar   | Bought a scroll of enchant armour for 157 gold pieces
 41849 | Bazaar   | Bought a scroll of enchant armour for 157 gold pieces
 41849 | Bazaar   | Bought a potion of curing for 63 gold pieces
 41864 | Bazaar   | Bought the Vellum of Frostbite and the Salvo for 816 gold
                  | pieces
 41864 | Bazaar   | Bought the Unrestrained Analects for 748 gold pieces
 42186 | D:14     | Got the Textbook on Spatial Spectres
 42464 | D:14     | Noticed Agnes
 42472 | D:14     | Killed Agnes
 42528 | D:14     | Found a runed translucent door.
 42533 | D:14     | Noticed Cicylist's ghost (journeyman FoFi)
 42863 | D:14     | Killed Cicylist's ghost
 43230 | D:15     | Entered Level 15 of the Dungeon
 43563 | D:15     | Reached skill level 1 in Translocations
 43640 | D:15     | Identified the +5 great mace of Noophyce {elec, rC+ rN+
                  | Will-}
 43674 | D:15     | Identified the +6 scale mail of Hazom {Fly MP+9 Int-2
                  | Dex+5}
 43697 | D:15     | Identified Roxanne's Secrets of the Shift
 43697 | D:15     | Noticed Roxanne
 43709 | D:15     | Killed Roxanne
 44364 | D:15     | Found a staircase to the Depths.
 44733 | Depths:1 | Entered Level 1 of the Depths
 45428 | Vaults:1 | Entered Level 1 of the Vaults
 45457 | D:13     | Reached skill level 5 in Translocations
 45912 | Vaults:1 | Identified the +4 scimitar "Toaf" {heavy, Int+2}
 46283 | Vaults:1 | Found Cyisybra's Weapon Shop.
 47628 | Vaults:2 | Found a flickering gateway to a bazaar.
 47640 | Bazaar   | Entered a bazaar
 47646 | Bazaar   | Found Zoqiol's Distillery.
 47651 | Bazaar   | Found Laagogia's Jewellery Shop.
 47675 | Bazaar   | Found Xafeeq's Antique Armour Emporium.
 47682 | Bazaar   | Found Xumialij's Weapon Shoppe.
 47691 | Bazaar   | Found Voudon's Armour Boutique.
 47711 | Bazaar   | Bought a pair of glowing boots for 195 gold pieces
 47740 | Bazaar   | Bought a potion of heal wounds for 70 gold pieces
 47740 | Bazaar   | Bought a potion of curing for 42 gold pieces
 47740 | Bazaar   | Bought a potion of curing for 42 gold pieces
 47752 | Bazaar   | Bought a potion of haste for 140 gold pieces
 48054 | Vaults:2 | Reached XP level 19. HP: 144/170 MP: 8/27
 49221 | Vaults:2 | Paralysed by a great orb of eyes for 3 turns
 49235 | Vaults:2 | Reached skill level 10 in Translocations
 49917 | Vaults:2 | Reached skill level 5 in Spellcasting
 50008 | Vaults:2 | Found a staircase to the Crypt.
 50435 | Vaults:3 | Found Igoliab's Book Boutique.
 52566 | Lair:1   | Upgraded the game from 0.30-a0-808-g6e0788376e to
                  | 0.30-a0-824-g6c64550be9
 52849 | Crypt:1  | Entered Level 1 of the Crypt
 52934 | Crypt:1  | Noticed Jory
 52941 | Crypt:1  | Killed Jory
 53346 | Vaults:2 | Reached XP level 20. HP: 171/172 MP: 29/33
 53644 | Crypt:1  | Noticed Xtahua
 53657 | Crypt:1  | Killed Xtahua
 55941 | Crypt:2  | Noticed Bai Suzhen
 55949 | Crypt:1  | HP: 4/178 [bog body (8)]
 55949 | Crypt:1  | HP: 1/178 [something (3)]
 56549 | Crypt:2  | Killed Bai Suzhen
 57551 | Crypt:3  | Entered Level 3 of the Crypt
 58353 | Crypt:3  | Reached skill level 10 in Spellcasting
 59565 | Crypt:3  | Noticed a bone dragon
 59623 | Crypt:3  | Killed a bone dragon
 59712 | Crypt:3  | Reached skill level 15 in Translocations
 59786 | Crypt:3  | Noticed a bone dragon
 59795 | Crypt:3  | Killed a bone dragon
 59881 | Crypt:3  | Identified the ring of the Madman {rN+ rCorr Int+5 Dex-2}
 59881 | Crypt:3  | Identified the ring "Poilozam" {rPois rF- rN+ Dex+2 Stlth+}
 59884 | Crypt:3  | Got Noqugey's Anthology of Twinkling Transmutation
 61052 | Crypt:3  | Found a staircase to the Tomb.
 62953 | Vaults:4 | Reached XP level 21. HP: 148/184 MP: 24/40
 63022 | Vaults:4 | HP: 8/184 [ironbound frostheart/creeping frost[a vault
                  | warden] (10)]
 63022 | Vaults:4 | Killed from afar by an ironbound frostheart

Illustrated notes

Levels and vault maps discovered:
D:1:      dpeg_arrival_subterranean_lakeside_camping, layout_rooms,
          shapermc_ecumenical_altar_acropolis
D:2:      layout_basic, minmay_pentomino_w4, uniq_robin
D:3:      layout_loops_ring, overflow_temple_1_default, kennysheep_nub
D:4:      layout_loops_corners, tso_altar
D:5:      gammafunk_steamed_eel, layout_loops_corners,
          mainiacjoe_overflow_alcove_4, hangedman_decor_growths,
          nicolae_zen_rock_garden, minivault_27
D:6:      layout_loops_ring
D:7:      layout_cave_pools, minmay_temple_entry_tees, uniq_maggie
D:8:      layout_gridville, yredelemnul_forgotten_temple_becter,
          grunt_nemelex_the_gamble, enter_ossuary_1, kennysheep_nondescript,
          uniq_grum, uniq_joseph, uniq_amaemon, uniq_psyche
D:9:      kennysheep_ambush_hall, layout_loops_ring, serial_shops, shop,
          uniq_prince_ribbit1
D:10:     layout_basic, chequers_temple_overflow_minitemple,
          grunt_lair_entry_orc_guard_hut, ebering_ghost_gozag, uniq_sonja
D:11:     layout_basic
D:12:     layout_cave_pools, minmay_orc_entry_temple_small, serial_shops, shop,
          minivault_16, dk_noncrumbling_4
D:13:     minmay_textured_paths, layout_irregular_city,
          ximxim_vaults_locker_room, uniq_nessos
D:14:     layout_stronghold, hangedman_abyss_or_decor_stagger,
          ebering_ghost_xom, serial_shops, bzr_firewalk, uniq_agnes
D:15:     grunt_enter_depths_magical_seal, layout_basic, grunt_decor_cap,
          grunt_potential, uniq_roxanne
Temple:   eino_temple_water
Lair:1:   layout_cellular_growth, lemuel_fruit_fields
Lair:2:   layout_hall_layers, st_stairs_11, ice2_lemuel, lemuel_fruit_tree,
          grunt_megastairs_1
Lair:3:   layout_misc_corridors, minmay_shoals_entry_centaurs,
          dummy_snake_entry, st_stairs_11, beast_lair_carwin_5
Lair:4:   layout_roguey
Lair:5:   hellmonk_lair_end_abyssal_woods, layout_big_grid,
          minmay_slime_entry_pillars, nicolae_lair_lil_pond, lookout_lair_type,
          small_statue_intersection, minmay_hedge_maze, serial_bayou_lagoon_a,
          bobbens_dragon_lair_wall
Shoals:1: nicolae_shoals_offshore_bank_account, layout_shoals, uniq_louise
Shoals:2: layout_shoals, serial_shops, nicolae_shop_hallway_plus,
          nicolae_shoals_land_atoll, uniq_aizul, uniq_kirke
Shoals:3: layout_shoals, ebering_ghost_xom, uniq_mara
Shoals:4: shoals_end_hellmonk_lost_city
Snake:1:  layout_gridlike, portal_ice_cave_entry_pillars_2, serial_shops, shop,
          minmay_shoptagon
Snake:2:  layout_grid_maze, basic_altar, nicolae_snake_single_loop
Snake:3:  layout_cave_shapes, serial_shops, nicolae_shop_crystal,
          grunt_megastairs_3, nicolae_triple_integral
Snake:4:  grunt_snake_rune_spirals, layout_onion
Orc:1:    layout_caves, serial_shops,
          nicolae_shop_temple_entry_statues_fountains, mines_bat_river,
          uniq_erica
Orc:2:    st_orc_mages, layout_caves, gauntlet_entry_generic, basic_altar,
          elves_outpost_lemuel
Vaults:1: vaults_mumra_chevron_long, vaults_room_corners, v_misc_2,
          ontoclasm_vaults_ring_large, ontoclasm_vaults_tryst,
          vaults_dpeg_diagonal, vaults_room_pool, layout_vaults_omnigrid,
          serial_shops, nicolae_shop_bloodbath_and_beyond
Vaults:2: v_alt_pattern_5, ontoclasm_vaults_spin, v_misc_16, st_more_cells,
          v_misc_17, v_misc_10, nicolae_vaults_little_squares_2,
          nicolae_vaults_ring_of_whatevers, minmay_crypt_entry_simple_corners,
          nicolae_vaults_border_crossing, dpeg_vaults_monster_box, v_misc_23,
          ontoclasm_vaults_shuriken, layout_vaults_maze_bifur, serial_shops,
          bzr_entry_dummy
Vaults:3: v_misc_11, nicolae_vaults_yaktaur_gun_rack,
          nicolae_vaults_know_your_exits, v_alt_pattern_3,
          nicolae_vaults_big_ls, vaults_room_stairs_pillars,
          vaults_room_stairs_pillars, nicolae_vaults_specimen_jars,
          nicolae_vaults_little_squares_5, vaults_mumra_hexcomb,
          nicolae_vaults_network_star, layout_vaults_omnicross, serial_shops,
          nicolae_shop_hallway_stairs
Vaults:4: nicolae_vaults_angled_halls, grunt_vaults_funneled_arena, v_misc_18,
          hangedman_vaults_nails, hangedman_vaults_slice, serial_ice_g,
          vaults_dpeg_encased_lava, layout_vaults_chaotic_city, uniq_boris
Crypt:1:  layout_chaotic_city, basic_altar, uniq_jory, uniq_xtahua
Crypt:2:  layout_chaotic_city, uniq_bai_suzhen
Crypt:3:  lightli_unholy_cathedral, layout_chaotic_city,
          nicolae_tomb_entry_unfolded_pyramid_orthogonal
Depths:1: layout_cave_pools, grunt_hell_entry_demonic_statue, serial_glass,
          glass_columns_c, glass_columns_b, minmay_multi_spiral

Skill      XL: |  1  2  3  4  5  6  7  8  9 10 11 12 13 14 15 16 17 18 19 20 |
---------------+-------------------------------------------------------------+-----
Ice Magic      | 4 5 6 |  6.0
Spellcasting   | 2 3 6 10 | 10.6
Fighting       | 1 2 3 4 6 8 9 10 12 15 | 15.0
Ranged Weapons | 1 4 5 7 8 10 11 12 14 16 19 21 | 21.0
Dodging        | 3 6 8 10 12 13 14 15 | 15.0
Stealth        | 2 4 6 8 |  8.0
Transmutations | 2 3 4 |  4.0
Air Magic      | 3 4 |  4.0
Long Blades    | 7 14 | 14.0
Translocations | 7 13 16 | 16.0

Action                     |  1- 3 |  4- 6 |  7- 9 | 10-12 | 13-15 | 16-18 | 19-21 || total
---------------------------+-------+-------+-------+-------+-------+-------+-------++-------
  Melee: Dagger            |     6 |     3 |       |       |       |       |       ||     9
         Falchion          |       |       |       |    26 |       |       |       ||    26
         Long sword        |       |       |       |     7 |       |       |       ||     7
         Punch             |       |       |       |     2 |       |     2 |     5 ||     9
         Scimitar          |       |       |       |       |       |    50 |   180 ||   230
         Demon blade       |       |       |       |       |       |    19 |       ||    19
         Great sword       |       |       |       |       |       |       |   489 ||   489
   Fire: Sling             |       |    75 |       |       |       |       |       ||    75
         Shortbow          |       |    85 |   402 |   158 |       |       |       ||   645
         Arbalest          |       |       |       |   478 |   469 |       |       ||   947
         Triple crossbow   |       |       |       |       |   658 |   123 |       ||   781
         Longbow           |       |       |       |       |       |  1658 |   812 ||  2470
   Cast: Freeze            |    59 |    16 |     2 |     5 |       |       |       ||    82
         Frozen Ramparts   |       |    19 |    41 |    55 |    41 |    31 |    30 ||   217
         Ozocubu's Armour  |       |     7 |    32 |    62 |    62 |   160 |    65 ||   388
         Manifold Assault  |       |       |       |       |       |    24 |   160 ||   184
         Wereblood         |       |       |       |       |       |       |    12 ||    12
    Use: Potion            |       |     1 |       |     6 |    11 |     3 |     6 ||    27
         Scroll            |       |       |       |    16 |    15 |    10 |    15 ||    56
   Stab: Sleeping          |     5 |     1 |       |       |       |       |     3 ||     9
 Armour: Robe              |    12 |    10 |       |       |    81 |    28 |       ||   131
         Leather armour    |       |     4 |   121 |   232 |   137 |       |       ||   494
         Steam dragon scal |       |       |       |       |       |    13 |   107 ||   120
  Dodge: Dodged            |    21 |    38 |   280 |   864 |  1493 |   497 |   821 ||  4014
  Block: Other             |       |       |       |       |       |    71 |   131 ||   202
         Reflection        |       |       |       |       |       |    26 |    10 ||    36

Table legend: (Time is in decaauts)
 A = Elapsed time spent in this place.
 B = Non-inter-level travel time spent in this place.
 C = Inter-level travel time spent in this place.
 D = Time resting spent in this place.
 E = Time spent auto-exploring this place.
 F = Levels seen in this place.
 G = Mean time per level.
                   A        B        C        D        E       F      G
               +--------+--------+--------+--------+--------+-----+--------+
         Total |  62647 |  50128 |  12519 |  13523 |  16793 |  44 | 1423.8 |
       Dungeon |  21810 |  16365 |   5445 |   3235 |   8421 |  15 | 1454.0 |
        Temple |     60 |     56 |      4 |      0 |      0 |   1 |   60.0 |
          Lair |   9972 |   7572 |   2400 |   1781 |   2836 |   5 | 1994.4 |
        Shoals |   4834 |   4074 |    760 |    594 |    736 |   4 | 1208.5 |
     Snake Pit |   6456 |   5258 |   1198 |   1288 |   1050 |   4 | 1614.0 |
  Orcish Mines |   1950 |   1621 |    329 |    232 |    775 |   2 |  975.0 |
        Vaults |   8061 |   6349 |   1712 |   2387 |   2137 |   4 | 2015.2 |
         Crypt |   7161 |   6493 |    668 |   3492 |    655 |   3 | 2387.0 |
        Depths |     92 |     92 |      0 |      0 |      0 |   1 |   92.0 |
        Bazaar |    312 |    312 |      0 |      0 |      0 |   2 |  156.0 |
       Ossuary |    506 |    506 |      0 |     39 |    132 |   1 |  506.0 |
      Ice Cave |   1108 |   1108 |      0 |    451 |     49 |   1 | 1108.0 |
      Gauntlet |    318 |    318 |      0 |     20 |      0 |   1 |  318.0 |
               +--------+--------+--------+--------+--------+-----+--------+

Top non-repeatable levels by time:
  Lair:5: 2795 daAuts
 Crypt:2: 2716 daAuts
Vaults:1: 2706 daAuts
Vaults:2: 2688 daAuts
 Crypt:1: 2640 daAuts
  Lair:1: 2526 daAuts
 Snake:4: 2427 daAuts
Vaults:3: 2383 daAuts
    D:13: 2307 daAuts
 Snake:2: 2221 daAuts
    D:10: 2149 daAuts
  Lair:2: 1921 daAuts
    D:11: 1871 daAuts
 Crypt:3: 1804 daAuts
     D:6: 1697 daAuts
